 Dungeon Crawl Stone Soup version 0.20.1-1-g8b1a95d (webtiles) character file.

171 vineage the Slasher (level 5, -1/39 HPs)
             Began as a Demonspawn Gladiator on Aug 26, 2017.
             Killed from afar by an orc wizard (16 damage)
             ... with a puff of frost
             ... on level 4 of the Dungeon.
             The game lasted 00:04:32 (2762 turns).

vineage the Slasher (Demonspawn Gladiator)          Turns: 2762, Time: 00:04:32

Health: -1/39      AC: 13    Str: 15    XL:     5   Next: 26%
Magic:  5/5        EV:  7    Int: 10    God:
Gold:   83         SH:  3    Dex: 14    Spells: 4/4 levels left

rFire    + + .     SeeInvis .   a - +1 long sword
rCold    x . .     Gourm    .   j - +0 buckler
rNeg     . . .     Faith    .   v - +0 chain mail
rPois    .         Spirit   .   c - +1 helmet
rElec    .         Reflect  .   (no cloak)
rCorr    .         Harm     .   (no gloves)
MR       .....                  (no boots)
Stlth    ..........             (no amulet)
Regen    0.2/turn               x - ring of fire
MPRegen  0.1/turn               t - ring of flight

@: starving
A: slimy green scales 2, fire resistance 1
a: Evoke Flight


You were on level 4 of the Dungeon.
You were starving.

You visited 1 branch of the dungeon, and saw 4 of its levels.

You collected 83 gold pieces.

Inventory:

Hand Weapons
 a - a +1 long sword (weapon)
Missiles
 d - 3 throwing nets (quivered)
Armour
 b - a +0 leather armour
 c - a +1 helmet (worn)
 j - a +0 buckler (worn)
 v - a +0 chain mail (worn)
Jewellery
 g - a cursed ring of loudness {unknown}
 r - an uncursed ring of magical power
 t - a ring of flight (right hand)
 x - a ring of fire (left hand)
Scrolls
 e - a scroll of noise
Potions
 i - a potion of brilliance {unknown}
 k - 2 potions of curing
 m - a potion of heal wounds {unknown}
 n - 3 potions of cancellation
 o - a potion of magic {unknown}
 p - 2 potions of agility {unknown}
 q - a potion of lignification {unknown}
 s - 2 potions of degeneration {unknown}
 u - 2 potions of flight {unknown}
Comestibles
 f - 2 bread rations
 l - 2 fruits


   Skills:
 + Level 2.7 Fighting
 + Level 4.3 Long Blades
 + Level 1.8 Throwing
 + Level 1.5 Armour
 + Level 3.2 Dodging
 + Level 0.2 Stealth


You had 4 spell levels left.
You didn't know any spells.

Dungeon Overview and Level Annotations

Branches:
Dungeon (4/15)
 Temple: D:4-7

Altars:
Gozag

Shops:
D:3 *


Innate Abilities, Weirdness & Mutations

You are mostly covered in slimy green scales. (AC +3)
Your flesh is heat resistant. (rF+)


Message History

An orc wizard appears from thin air!
Reactivating autopickup.
The orc wizard barely misses you. The orc wizard closely misses you.
The orc wizard hits you but does no damage.
The orc hits you from afar with a trident.
You block the orc wizard's attack.
You hit the orc wizard.
You kill the orc wizard!
The orc hits you but does no damage.
The orc wizard points at you and mumbles some strange words.
The puff of flame hits you! You resist.
You hit the orc wizard but do no damage.
The orc wizard is severely wounded.
The orc wizard hits you but does no damage.
You block the orc's attack.
You hit the orc wizard but do no damage.
The orc wizard is severely wounded.
The orc wizard casts a spell at you. The puff of frost hits you!
You feel a terrible chill!
You die...

#### #.o
#o#
#######@#
#......)#
#.#####<#
#.# #.#
..# .##
#. #.


You could see an orc wizard and an orc.

Vanquished Creatures
  A howler monkey (D:3)
  An orc wizard (D:4)
  6 adders
  2 dart slugs (D:1)
  2 giant cockroaches
  5 goblins
  4 hobgoblins
  5 jackals
  7 kobolds
  4 quokkas
  7 bats
  A frilled lizard (D:2)
  3 rats
48 creatures vanquished.

Notes
Turn   | Place    | Note
-------+----------+-------------------------------------------
     0 | D:1      | vineage the Demonspawn Gladiator began the quest for the Orb.
     0 | D:1      | Reached XP level 1. HP: 16/16 MP: 1/1
   237 | D:1      | Gained mutation: You are partially covered in slimy green scales. (AC +2) [demonic ancestry]
   237 | D:1      | Reached XP level 2. HP: 22/22 MP: 2/2
   256 | D:1      | Reached skill level 3 in Long Blades
   636 | D:1      | Reached XP level 3. HP: 25/27 MP: 3/3
  1402 | D:2      | Reached skill level 1 in Armour
  1402 | D:2      | Gained mutation: Your flesh is heat resistant. (rF+) [demonic ancestry]
  1402 | D:2      | Reached XP level 4. HP: 11/34 MP: 4/4
  1760 | D:3      | Found an opulent altar of Gozag.
  1762 | D:3      | Found Gozag's Platinum Reserve.
  1999 | D:3      | Reached skill level 4 in Long Blades
  2325 | D:3      | Gained mutation: You are mostly covered in slimy green scales. (AC +3) [demonic ancestry]
  2325 | D:3      | Reached XP level 5. HP: 33/39 MP: 5/5
  2762 | D:4      | Killed from afar by an orc wizard

Skill      XL: |  1  2  3  4 |
---------------+-------------+-----
Long Blades    | 3 4 |  4.3
Dodging        | 3 |  3.2
Armour         | 1 |  1.5
Fighting       | |  2.7
Throwing       | |  1.8
Stealth        | |  0.2

Action                   |  1- 3 |  4- 6 || total
-------------------------+-------+-------++-------
Melee: Long sword        |   105 |    95 ||   200
  Use: Scroll            |       |    10 ||    10
       Potion            |       |     1 ||     1
 Stab: Sleeping          |     1 |       ||     1
  Eat: Chunk             |     2 |     2 ||     4
Armor: Leather armour    |    41 |       ||    41
       Chain mail        |    14 |    96 ||   110
Dodge: Dodged            |    90 |    47 ||   137
Block: Buckler           |       |    10 ||    10
       Rpst.: Long sword |    30 |    12 ||    42
